 Dungeon Sprint DCSS version 0.21.1-1-g345015f (webtiles) character file.

1244 sankara the Thrower (level 8, 0/147 HPs)
             Began as an Ogre Hunter on Apr 4, 2018.
             Was a Follower of Okawaru.
             Slain by a demonic crawler (5 damage)
             ... in the Dungeon (Sprint I: "Red Sonja").
             The game lasted 00:03:16 (523 turns).

sankara the Thrower (Ogre Hunter)                    Turns: 523, Time: 00:03:17

Health: 0/147      AC:  5    Str: 24    XL:     8   Next: 50%
Magic:  6/8        EV: 14    Int: 12    God:    Okawaru [*.....]
Gold:   410        SH:  0    Dex:  9    Spells: 7/7 levels left

rFire    . . .     SeeInvis .   a - +0 giant spiked club
rCold    + . .     Gourm    .   (shield currently unavailable)
rNeg     . . .     Faith    .   n - +2 robe {rC+}
rPois    .         Spirit   .   (helmet restricted)
rElec    .         Reflect  .   (no cloak)
rCorr    .         Harm     .   (gloves unavailable)
MR       .....     NoTele   +   (boots unavailable)
Stlth    ..........             (no amulet)
HPRegen  0.34/turn              (no ring)
MPRegen  0.11/turn              (no ring)

@: berserking, heroism, very quick
A: large, unfitting armour, tough skin 1
a: Heroism, Renounce Religion


You were in the Dungeon.
You worshipped Okawaru.
Okawaru was aware of your devotion.
You were not hungry.

You visited 1 branch You collected 410 gold pieces.

Inventory:

Hand Weapons
 a - a +0 giant spiked club (weapon)
   (You took it off an ogre in the Dungeon)
Missiles
 c - 4 large rocks (quivered) {!d}
 d - 2 throwing nets {=f, !d}
Armour
 n - a +2 robe of cold resistance (worn)
   (You took it off Sigmund in the Dungeon)
Scrolls
 k - a scroll of blinking {!r}
Potions
 b - a potion of might {unknown}
 e - a potion of curing
 h - a potion of haste
 i - 2 potions of magic
 l - a potion of degeneration {unknown}
Comestibles
 f - a ration
 m - 5 chunks of flesh {@w0}


   Skills:
 + Level 11.8(16.8) Fighting
 + Level 7.0(12.0) Maces & Flails
 * Level 12.9(17.9) Throwing
 - Level 5.6(10.6) Dodging
 - Level 0.6(5.6) Stealth


You had 7 spell levels left.
You didn't know any spells.

Dungeon Overview and Level Annotations

Branches:
Dungeon (1/1)

Altars:
Cheibriados
Dithmenos
Elyvilon
Fedhas
Gozag
Hepliaklqana
Kikubaaqudgha
Makhleb
Nemelex Xobeh
Okawaru
Qazlal
Ru
Sif Muna
Trog
Uskayaw
Vehumet
Wu Jian
Xom
Yredelemnul
Zin
The Shining One
Jiyva
Lugonu

Shops:
D %


Innate Abilities, Weirdness & Mutations

You are too large for most types of armour.
You have tough skin. (AC +1)


Message History

The kobold demonologist closely misses you.
The kobold demonologist hits you but does no damage.
Throwing (i - inventory. (,) - cycle):
c - a large rock (quivered)
{!d}
Press: ? - help, Shift-Dir - straight line, f/p - kobold demonologist
Aim: a kobold demonologist, wielding a dagger and wearing a robe You throw a large rock {!d}.
The large rock {!d} hits the kobold demonologist!
The kobold demonologist is heavily wounded.
The kobold demonologist closely misses you.
The kobold demonologist hits you with a dagger.
You impale the kobold demonologist!!
You kill the kobold demonologist!
Okawaru accepts your kill.
Your Fighting skill increases to level 11!
Your Maces & Flails skill increases to level 6!
Your Throwing skill increases to level 12!
You have reached level 8!
The kobold demonologist hits you but does no damage.
The kobold demonologist casts a spell.
You miss the kobold demonologist.
The kobold demonologist hits you but does no damage. x2
You bludgeon the kobold demonologist!!
The kobold demonologist is heavily wounded.
The kobold demonologist hits you with a dagger.
You impale the kobold demonologist!!
You kill the kobold demonologist!
Okawaru is honoured by your kill.
The shadow imp disappears in a puff of smoke!
The rust devil disappears in a puff of smoke!
Your Maces & Flails skill increases to level 7!
No target in view!
No target in view!
Unknown command.
c - 3 large rocks {!d}
Things that are here:
a dagger; a robe; a kobold corpse
There is an open door, spattered with blood here.
Things that are here:
a dagger; a robe
c - 4 large rocks {!d} (gained 1)
There is an open door, spattered with blood here.
Things that are here:
a dagger; a robe You open the door. 4 demonic crawlers come into view.
The demonic crawler gives a hideous shriek! x2
The demonic crawler misses you. The demonic crawler barely misses you.
The demonic crawler closely misses you. The demonic crawler hits you!
The demonic crawler hits you. The demonic crawler hits you!
There is an open door, spattered with blood here.
Things that are here:
a dagger; a robe You gain the combat prowess of a mighty hero.
The demonic crawler hits you but does no damage.
The demonic crawler misses you. The demonic crawler barely misses you.
The demonic crawler hits you. The demonic crawler closely misses you.
The demonic crawler hits you.
You are too injured to fight recklessly!
You are too injured to fight recklessly!
You are too injured to fight recklessly!
You are too injured to fight recklessly!
You closely miss the demonic crawler. The demonic crawler hits you.
The demonic crawler hits you! The demonic crawler barely misses you.
The demonic crawler hits you. The demonic crawler hits you!
The demonic crawler completely misses you.
You hit the demonic crawler but do no damage.
The demonic crawler hits you! The demonic crawler hits you.
The demonic crawler closely misses you. The demonic crawler barely misses you.
The demonic crawler hits you!
* * * LOW HITPOINT WARNING * * *
The demonic crawler misses you. The demonic crawler hits you.
* * * LOW HITPOINT WARNING * * *
The demonic crawler hits you.
* * * LOW HITPOINT WARNING * * *
The demonic crawler misses you. The demonic crawler hits you!
* * * LOW HITPOINT WARNING * * *
The demonic crawler barely misses you.
The demonic crawler hits you but does no damage.
You feel much better. The demonic crawler hits you.
The demonic crawler hits you but does no damage.
The demonic crawler closely misses you. x2; The demonic crawler hits you!
* * * LOW HITPOINT WARNING * * *
The demonic crawler barely misses you.
Really quaff
j - a potion of berserk rage {!q}?
A red film seems to cover your vision as you go berserk!
You feel yourself moving faster!
You feel mighty! The demonic crawler barely misses you.
The demonic crawler hits you!
* * * LOW HITPOINT WARNING * * *
The demonic crawler hits you.
* * * LOW HITPOINT WARNING * * *
The demonic crawler hits you!
* * * LOW HITPOINT WARNING * * *
The demonic crawler completely misses you.
The demonic crawler misses you. The demonic crawler hits you!
* * * LOW HITPOINT WARNING * * *
The demonic crawler hits you.
* * * LOW HITPOINT WARNING * * *
The demonic crawler hits you.
You die...

#####################
.)..#..'..#__#..@ss.#
.#..'[.#..'..'.)#s..##+#
###'#####'#__####s..'..#
##..#...#.#### #####..+
_####..##[# ##
____##'#_.+ .∩...'..._#
..__##_.#'# ____###+#.#


You could see 4 demonic crawlers.

Vanquished Creatures
  2 kobold demonologists (D)
  A slime creature (D)
  A yak (D)
  Sigmund (D)
  A floating eye (D)
  An ogre (D)
  A jelly (D)
  Ijyb (D)
9 creatures vanquished.

Notes
Turn   | Place    | Note
-------+----------+-------------------------------------------
     0 | D        | sankara the Ogre Hunter began the quest for the Orb.
     0 | D        | Reached XP level 1. HP: 22/22 MP: 1/1
     1 | D        | Noticed Ijyb
     5 | D        | Killed Ijyb
     5 | D        | Reached skill level 4 in Fighting
     5 | D        | Reached skill level 5 in Throwing
     5 | D        | Reached skill level 3 in Dodging
     5 | D        | Reached XP level 2. HP: 29/33 MP: 2/2
     5 | D        | Reached XP level 3. HP: 35/40 MP: 3/3
    18 | D        | Noticed an ogre
    21 | D        | Killed an ogre
    21 | D        | Reached skill level 6 in Fighting
    21 | D        | Reached skill level 7 in Throwing
    21 | D        | Reached skill level 4 in Dodging
    21 | D        | Reached XP level 4. HP: 18/53 MP: 4/4
   235 | D        | Noticed Sigmund
   236 | D        | Killed Sigmund
   236 | D        | Reached skill level 8 in Fighting
   236 | D        | Reached skill level 3 in Maces & Flails
   236 | D        | Reached skill level 9 in Throwing
   236 | D        | Reached skill level 5 in Dodging
   236 | D        | Reached XP level 5. HP: 63/63 MP: 5/5
   236 | D        | Reached XP level 6. HP: 72/72 MP: 6/6
   266 | D        | Found an ornate altar of the Wu Jian Council.
   266 | D        | Found a deep blue altar of Sif Muna.
   268 | D        | Found a radiant altar of Vehumet.
   299 | D        | Found Tashrexi's Food Emporium.
   299 | D        | Found an ancient bone altar of Kikubaaqudgha.
   299 | D        | Found a hazy altar of Hepliaklqana.
   299 | D        | Found a stormy altar of Qazlal.
   299 | D        | Found a hide-covered altar of Uskayaw.
   299 | D        | Found a blossoming altar of Fedhas.
   299 | D        | Found a bloodstained altar of Trog.
   299 | D        | Found an iron altar of Okawaru.
   299 | D        | Found a basalt altar of Yredelemnul.
   299 | D        | Found a glowing golden altar of the Shining One.
   299 | D        | Found a snail-covered altar of Cheibriados.
   299 | D        | Found a sacrificial altar of Ru.
   299 | D        | Found a glowing silver altar of Zin.
   299 | D        | Found a shadowy altar of Dithmenos.
   299 | D        | Found a white marble altar of Elyvilon.
   299 | D        | Noticed a yak
   302 | D        | Killed a yak
   302 | D        | Reached skill level 9 in Fighting
   302 | D        | Reached skill level 4 in Maces & Flails
   302 | D        | Reached skill level 10 in Throwing
   302 | D        | Reached XP level 7. HP: 70/83 MP: 7/7
   303 | D        | Found an opulent altar of Gozag.
   306 | D        | Found a sparkling altar of Nemelex Xobeh.
   311 | D        | Became a worshipper of Warmaster Okawaru
   354 | D        | Found a burning altar of Makhleb.
   354 | D        | Found a viscous altar of Jiyva.
   354 | D        | Found a shimmering altar of Xom.
   354 | D        | Found a corrupted altar of Lugonu.
   354 | D        | Noticed a slime creature
   359 | D        | Killed a slime creature
   359 | D        | Reached skill level 10 in Fighting
   359 | D        | Reached skill level 5 in Maces & Flails
   359 | D        | Reached skill level 11 in Throwing
   495 | D        | Noticed a kobold demonologist
   496 | D        | Noticed a kobold demonologist
   497 | D        | Reached * piety under Okawaru
   502 | D        | Killed a kobold demonologist
   502 | D        | Reached skill level 11 in Fighting
   502 | D        | Reached skill level 6 in Maces & Flails
   502 | D        | Reached skill level 12 in Throwing
   502 | D        | Reached XP level 8. HP: 94/97 MP: 8/8
   504 | D        | Noticed a rust devil
   505 | D        | Killed a kobold demonologist
   505 | D        | Reached skill level 7 in Maces & Flails
   515 | D        | Noticed a demonic crawler
   515 | D        | Noticed a demonic crawler
   515 | D        | Noticed a demonic crawler
   515 | D        | Noticed a demonic crawler
   521 | D        | HP: 19/98 [demonic crawler (6)]
   521 | D        | HP: 8/98 [demonic crawler (11)]
   523 | D        | Slain by a demonic crawler

Skill      XL: |  1  2  3  4  5  6  7  8 |
---------------+-------------------------+-----
Fighting       | 4 6 8 9 11 | 11.8
Throwing       | 5 7 9 10 12 | 12.9
Dodging        | 3 4 5 |  5.6
Maces & Flails | 3 4 6 7 |  7.0
Stealth        | |  0.6

Action                   |  1- 3 |  4- 6 |  7- 9 || total
-------------------------+-------+-------+-------++-------
Melee: Giant spiked club |       |     3 |    12 ||    15
Throw: Large rock        |     7 |     3 |     5 ||    15
Invok: Heroism           |       |       |     1 ||     1
  Use: Potion            |       |       |     2 ||     2
Armor: Robe              |     1 |     1 |     8 ||    10
Dodge: Dodged            |       |     2 |    24 ||    26

Vault maps used:
D:        dungeon_sprint_1

Table legend:
 A = Turns spent in this place as a percentage of turns spent in the entire game.
 B = Non-inter-level travel turns spent in this place as a percentage of non-inter-level travel turns spent in the entire game.
 C = Inter-level travel turns spent in this place as a percentage of turns spent in this place.
 D = Turns resting spent in this place as a percentage of non-inter-level travel turns spent in this place.
 E = Turns spent auto-exploring this place as a percentage of non-inter-level travel turns spent in this place.
 F = Non-inter-level travel turns spent in this place divided by the number of levels of this place that you've seen.
                   A       B       C       D       E      F
               +-------+-------+-------+-------+-------+----------------------
         Total | 100.0 | 100.0 |   0.0 |  60.2 |   0.0 | 523.0
       Dungeon | 100.0 | 100.0 |   0.0 |  60.2 |   0.0 | 523.0
               +-------+-------+-------+-------+-------+----------------------

Table legend:
 A = Kills in this place as a percentage of kills in entire the game.
 B = Kills by you in this place as a percentage of kills by you in the entire game.
 C = Kills by friends in this place as a percentage of kills by friends in the entire game.
 D = Other kills in this place as a percentage of other kills in the entire game.
 E = Experience gained in this place as a percentage of experience gained in the entire game.
 F = Experience gained in this place divided by the number of levels of this place that you have seen.
                   A       B       C       D       E      F
               +-------+-------+-------+-------+-------+----------------------
         Total | 100.0 | 100.0 |   N/A |   N/A | 100.0 | 1778.0
       Dungeon | 100.0 | 100.0 |   N/A |   N/A | 100.0 | 1778.0
               +-------+-------+-------+-------+-------+----------------------
